Map: Jagannatha LE

Players

Heeebster - Winner!

  • Race: Protoss Protoss
  • League: Diamond
  • Spawn Location: 1:00

JESTJERVYN

  • Race: Protoss Protoss
  • League: Diamond
  • Spawn Location: 7:00

VOD

Have the link to the VOD?

Description

Time

  • Played on: Nov. 15, 2020, 2:08 p.m.
  • Length: 4:42
Show
View Real Time Build Order
Export as new Build Order

Heeebster Protoss - Winner!

Build Orders:  

Get SALT Encoding   

  12  0:00  Probe  
  13  0:13  Pylon  
  13  0:18  Probe (Chrono Boost)  
  14  0:28  Probe (Chrono Boost)  
  15  0:37  Gateway  
  15  0:40  Probe  
  16  0:46  Assimilator  
  16  0:52  Probe  
  17  1:04  Probe (Chrono Boost)  
  18  1:16  Probe (Chrono Boost)  
  19  1:23  Probe (Chrono Boost)  
  19  1:24  Zealot  
  22  1:40  Cybernetics Core  
  22  1:47  Pylon  
  22  1:50  Probe  
  23  2:05  Probe  
  23  2:06  Pylon  
  23  2:07  Assimilator  
  24  2:13  Stalker (Chrono Boost)  
  24  2:17  Probe  
  28  2:30  Probe  
  28  2:36  Stalker  
  30  2:41  Warp Gate (Chrono Boost)  
  30  2:49  Gateway  
  30  2:58  Gateway  
  30  3:06  Gateway  
  30  3:14  Twilight Council  
  30  3:21  Pylon  
  28  3:37  Stalker  
  28  3:39  Stalker  
  32  3:50  Shield Battery  
  32  4:05  Pylon  
  32  4:24  Stalker x3  
  36  4:32  Pylon  
Show
View Real Time Build Order
Export as new Build Order

JESTJERVYN Protoss 

Build Orders: Cannon Rush 

Get SALT Encoding   

  12  0:00  Probe  
  13  0:12  Probe  
  14  0:24  Pylon  
  14  0:34  Probe  
  15  0:43  Forge  
  15  0:46  Probe  
  16  0:55  Pylon  
  16  0:58  Probe  
  17  1:08  Pylon  
  17  1:10  Probe  
  18  1:18  Photon Cannon  
  18  1:32  Pylon  
  18  1:39  Photon Cannon  
  18  1:46  Photon Cannon  
  18  1:52  Pylon  
  18  1:57  Gateway x2  
  18  2:13  Gateway  
  18  2:14  Gateway  
  18  2:16  Pylon  
  18  2:18  Probe (Chrono Boost)  
  19  2:27  Probe (Chrono Boost)  
  20  2:41  Pylon  
  20  2:42  Zealot (Chrono Boost)  
  20  2:43  Zealot (Chrono Boost)  
  23  2:55  Photon Cannon  
  23  3:00  Zealot (Chrono Boost)  
  29  3:08  Zealot (Chrono Boost)  
  29  3:11  Zealot (Chrono Boost)  
  31  3:17  Zealot (Chrono Boost)  
  31  3:21  Zealot (Chrono Boost)  
  33  3:30  Zealot  
  33  3:31  Zealot  
  35  3:37  Zealot  
  37  3:44  Probe  
  38  3:51  Pylon  
  38  3:57  Zealot  
  36  4:04  Zealot  
  36  4:09  Zealot  
  36  4:27  Probe  
Tags
 
Matchup
PvP
Replay Pack
Replays
Spawn Locations
Cross Positions
Add a new tag
Caveats
  • Supply blocks, unpowered buildings, or Contaminate may cause inaccurate times.
  • Supply counts are checked every 10 seconds.